 Dungeon Crawl Stone Soup version 0.31-a0-818-ge7c7cf74f0 (webtiles) character file.

Game seed: 17803245165049120089

89 Kurtz the Chopper (level 4, 0/31 HPs)
             Began as an Octopode Fighter on Sept 23, 2023.
             Slain by a gnoll
             ... wielding a +0 flail
              (11 damage)
             ... on level 3 of the Dungeon.
             The game lasted 00:02:42 (2016 turns).

Kurtz the Chopper (Octopode Fighter)                Turns: 2016, Time: 00:02:43

Health: 0/31       AC:  1    Str: 17    XL:     4   Next: 55%
Magic:  4/4        EV: 13    Int: 10    God:
Gold:   156        SH:  4    Dex: 11    Spells: 1/3 levels left

rFire   . . .        a - +0 war axe
rCold   . . .        b - +0 buckler
rNeg    . . .        (helmet restricted)
rPois   .            (no amulet)
rElec   .            (no ring)
rCorr   .            (no ring)
SInv    .            (no ring)
Will    .....        (no ring)
Stlth   ++           (no ring)
HPRegen 0.25/turn    (no ring)
MPRegen 0.09/turn    (no ring)
                     (no ring)

%: no passive effects
@: no status effects
A: almost no armour, amphibious, 8 rings, camouflage 1, gelatinous body 1,
(nimble swimmer 1), tentacles
a: no special abilities


You were on level 3 of the Dungeon.
You visited 1 branch of the dungeon, and saw 4 of its levels.

You collected 156 gold pieces.

Inventory:

Hand Weapons
 a - a +0 war axe (weapon)
Armour
 b - a +0 buckler (worn)
 g - an orb of energy
Wands
 n - a wand of paralysis (9)
Scrolls
 e - 3 scrolls of poison {unknown}
 f - 2 scrolls of identify {unknown}
 h - a scroll of revelation {unknown}
 m - a scroll of enchant weapon {unknown}
Potions
 c - a potion of might
 d - 2 potions of haste {unknown}
 i - 2 potions of degeneration {unknown}
 j - 2 potions of heal wounds {unknown}
 k - 2 potions of curing {unknown}
 l - a potion of magic {unknown}


   Skills:
 + Level 3.1 Fighting
 * Level 4.1 Axes
 + Level 3.1 Dodging
 - Level 3.0 Shields
 * Level 0.4 Spellcasting
 * Level 0.2 Necromancy
 * Level 0.3 Air Magic
 * Level 0.3 Poison Magic


You had one spell level left.
You knew the following spells:

 Your Spells              Type           Power      Damage    Failure   Level
a - Cigotuvi's Dreadful   Necr/Pois/Air  0%         N/A       52%         2

Your spell library contained the following spells:

 Spells                   Type           Power      Damage    Failure   Level
 Kiss of Death            Conj/Necr      0%         2d5       41%         1
 Confusing Touch          Hex            0%         N/A       80%         3
 Ignite Poison            Fire/Tmut/Pois 0%         N/A       80%         3
 Dispel Undead            Necr           0%         3d6       99%         4
 Freezing Cloud           Conj/Ice/Air   0%         6-21      100%        5


Dungeon Overview and Level Annotations

Branches:
Dungeon (4/15)
 Temple: D:4-7

Altars:

Annotations:
D:2 Sigmund


Innate Abilities, Weirdness & Mutations

You cannot wear most types of armour.
You are amphibious.
You can wear up to eight rings at the same time.
Your skin changes colour to match your surroundings (Stealth+).
Your rubbery body absorbs attacks. (AC +1, EV +1)
((You are camouflaged when in or above water. (Stealth+)))
You have tentacles for arms and can constrict up to eight enemies at once.


Message History

The giant cockroach bites you but does no damage.
You hit the giant cockroach.
The giant cockroach is almost dead.
You constrict the giant cockroach.
You kill the giant cockroach!
No target in view!
n - a wand of paralysis (9)
You see here a +2 pair of boots.
A gnoll comes into view. It is wielding a +0 flail.
Found a glowing chain mail.
A gnoll comes into view. It is wielding a +0 club.
The gnoll shouts! 2 gnolls come into view.
Found a runed orb.
The gnoll shouts! x2; You hear a shout!
You block the gnoll's attack.
You hit the gnoll but do no damage. You grab the gnoll.
You closely miss the gnoll. You constrict the gnoll.
The gnoll completely misses you. The gnoll hits you with a +0 whip.
You release your grip on the gnoll.
The gnoll attacks as it pursues you! The gnoll barely misses you.
You barely miss the gnoll. Your grab misses the gnoll. You squeeze the gnoll.
The gnoll is moderately wounded.
You barely miss the gnoll. You grab the gnoll. You hit the gnoll.
You constrict the gnoll. The gnoll misses you.
The gnoll hits you with a +0 whip!
You release your grip on the gnoll.
You slash the gnoll! Your grab misses the gnoll.
The gnoll is almost dead.
The gnoll hits you with a +0 club!
You hit the gnoll but do no damage. You grab the gnoll.
The gnoll is almost dead.
You constrict the gnoll, but do no damage.
You block the gnoll's attack. x2
You slash the gnoll!
You kill the gnoll!
The gnoll hits you with a +0 flail.
You barely miss the gnoll. Your grab misses the gnoll. You hit the gnoll.
The gnoll hits you but does no damage. The gnoll hits you with a +0 flail!
You die...

#................
#................
##.........?......
...........#......
.###.............[.
...................
#..g...#
#....#g#.######+###+#
#..g.#@#.#.[........#
#[...#.g...#####.#..#
......#.....#####.#
.......#.....#.....#
.......#...#...#
#####....#.#...#
......#.....#
.............###.#
......###........#


You could see 3 gnolls.

Vanquished Creatures
  2 adders
  A gnoll (D:3)
  A dart slug (D:3)
  2 orcs (D:3)
  5 endoplasms
  A giant cockroach (D:3)
  5 goblins
  10 hobgoblins
  4 jackals (D:1)
  6 kobolds
  2 quokkas
  3 ball pythons
  4 bats
  3 frilled lizards
  3 rats
52 creatures vanquished.

Notes
Turn   | Place    | Note
-------+----------+-------------------------------------------
     0 | D:1      | Kurtz the Octopode Fighter began the quest for the Orb.
     0 | D:1      | Reached XP level 1. HP: 16/16 MP: 1/1
   280 | D:1      | Reached XP level 2. HP: 21/21 MP: 2/2
   660 | D:1      | Reached skill level 3 in Axes
   960 | D:1      | Reached XP level 3. HP: 15/26 MP: 3/3
  1527 | D:2      | Learned a level 2 spell: Cigotuvi's Dreadful Rot
  1630 | D:2      | Noticed Sigmund
  1734 | D:3      | Reached skill level 4 in Axes
  1734 | D:3      | Reached XP level 4. HP: 31/31 MP: 4/4
  1860 | D:3      | Noticed an ogre
  2016 | D:3      | Slain by a gnoll

Illustrated notes

Levels and vault maps discovered:
D:1:      psy_arrival_heroes, layout_basic
D:2:      layout_rooms, uniq_sigmund
D:3:      layout_basic, lemuel_tele_altar,
          dreamdust_ecumenical_altar_angels_and_demons,
          minmay_fractal_squares_gapless_5
D:4:      gammafunk_cloud_chamber, layout_layer_cave, serial_shops, shop,
          grunt_ministairs_14, minmay_door_square, uniq_duvessa

Skill      XL: |  1  2  3 |
---------------+----------+-----
Axes           | 3 4 |  4.1
Fighting       | |  3.1
Dodging        | |  3.1
Shields        | |  3.0
Spellcasting   | |  0.4
Necromancy     | |  0.2
Air Magic      | |  0.3
Poison Magic   | |  0.3

Action                     |  1- 3 |  4- 6 || total
---------------------------+-------+-------++-------
  Melee: War axe           |    77 |    25 ||   102
         Constrict         |    22 |     9 ||    31
         Tentacles         |    13 |     4 ||    17
   Stab: Sleeping          |     9 |     2 ||    11
 Armour: Skin              |    33 |    11 ||    44
  Dodge: Dodged            |    38 |    17 ||    55
  Block: Buckler           |    26 |     5 ||    31

Table legend: (Time is in decaauts)
 A = Elapsed time spent in this place.
 B = Non-inter-level travel time spent in this place.
 C = Inter-level travel time spent in this place.
 D = Time resting spent in this place.
 E = Time spent auto-exploring this place.
 F = Levels seen in this place.
 G = Mean time per level.
                   A        B        C        D        E       F      G
               +--------+--------+--------+--------+--------+-----+--------+
         Total |   2054 |   1981 |     73 |    378 |   1213 |   4 |  513.5 |
       Dungeon |   2054 |   1981 |     73 |    378 |   1213 |   4 |  513.5 |
               +--------+--------+--------+--------+--------+-----+--------+

Top non-repeatable levels by time:
     D:1: 1227 daAuts
     D:2: 501 daAuts
     D:3: 324 daAuts
     D:4: 1 daAuts
